Oof, lawful male human Samurai --- .. ---------- .. |..|.--..| --.- --........| ---- ...| --.........----..--...| |............|........--- |.......................| --.................)....| |......<.........a......| --.........@....@.......- |..........-.--..--- .......- --.|............... ....... ----.|...---------- | --- ----.-- --- Oof the Ninja Experience level: 6 Strength: 18 Dexterity: 12 Constitution: 18 Intelligence: 9 Wisdom: 11 Charisma: 8 Health: 0(59) Energy: 27(27) Def: 8 Gold: 227 Moves: 2971 Dungeon seed: aGinbpj4PGyKZwDk Game ID: Oof_1616502143 Your Inventory: Coins $ - 227 gold pieces Weapons a - a blessed +0 katana (weapon in hand) b - a +0 wakizashi (alternate weapon; not wielded) c - a +0 yumi d - 34 +0 ya (in quiver) Armor e - an uncursed rustproof +0 splint mail (being worn) z - an uncursed +0 dwarvish cloak (being worn) N - an uncursed +0 pair of iron shoes (being worn) Comestibles r - an uncursed tripe ration Rings v - an uncursed ring of cold resistance (on left hand) Wands k - a wand of light (0:0) Tools o - an uncursed tin whistle t - 2 uncursed tallow candles (0:200) u - a crystal ball (0:3) x - an uncursed leash Gems n - an uncursed worthless piece of black glass q - an uncursed worthless piece of yellowish brown glass y - an uncursed worthless piece of violet glass Spells and supernatural/magical abilities: Name Level Category Fail Memory W - pray for help -- divine ? -- Your skills at the end: Fighting Skills martial arts [Basic] Weapon Skills short sword [Basic] long sword [Basic] bow [Basic] Spellcasting Skills Final Attributes: You were piously aligned. You were cold resistant. You aggravated monsters. You were fast. You are dead. Vanquished creatures: a gnome king 6 gnome lords a gray ooze a straw golem 4 little dogs a kitten a dwarf 2 homunculi 3 hill orcs a rothe 6 dwarf zombies 2 iguanas a gas spore a hobbit 2 manes a large kobold a hobgoblin 3 giant rats 17 gnomes a gnome zombie 2 geckos 5 jackals 2 foxes a kobold a goblin 2 sewer rats 3 grid bugs 3 lichens a kobold zombie 76 creatures vanquished. Voluntary challenges: You had been an atheist until turn 2236. You used a wielded weapon 94 times, starting on turn 97. You read items or engraved 1 time, starting on turn 339. You never genocided any monsters. You never polymorphed an object. You never changed form. You used no wishes. You never split a pudding. You never wrote Elbereth's name. You violated your moral code, losing 17 points of alignment, starting on turn 354. Dungeon overview: The Dungeons of Doom: levels 1 to 2 Level 1 a fountain a long staircase Level 2 a fountain stairs to The Gnomish Mines The Gnomish Mines: levels 3 to 5 Level 3 stairs to The Dungeons of Doom Level 4 Level 5 <- You were here History has recorded: On T:1 you entered the Dungeons of Doom to retrieve the Amulet of Yendor! On T:354 you advanced to experience level 2. On T:411 you reached level 2 of The Dungeons of Doom. On T:427 you advanced to experience level 3. On T:1088 you reached level 1 of The Gnomish Mines. On T:1091 you advanced to experience level 4. On T:1298 you advanced to experience level 5. On T:1524 you reached level 2 of The Gnomish Mines. On T:2396 you advanced to experience level 6. On T:2736 you reached level 3 of The Gnomish Mines. Score breakdown: Gold: 227 ( 8020 points) Experience: 6 levels (12456 points) Exploration: 5 levels ( 10.64%) ( 8846 points) Discoveries: 5 items ( 2.03%) ( 4276 points) Valuables value: (no points given unless you survive) Artifact value: 0 ( 0 points) Variety of kills: 29 monsters ( 7.61%) ( 8276 points) Turncount: 2971 turns ( -585 points) Survival: died (score multiplied by 80%) Total score: 33031 Latest messages: You see here a blue gem. You kill the little dog! You see here a little dog corpse. This little dog corpse tastes terrible! You feel that eating the little dog was a bad idea. (5x) You finish eating the little dog corpse. Never mind. You are now wielding your yumi. You shoot 2 ya. The 1st ya misses the soldier ant. The 2nd ya misses the soldier ant. You are now wielding your katana. You miss the soldier ant. The soldier ant misses. The soldier ant stings! The soldier ant bites! The soldier ant misses. You miss the soldier ant. The soldier ant bites! The soldier ant stings! The soldier ant bites! You die... Final status: Sayonara Oof the Samurai, killed by a soldier ant... You died in The Gnomish Mines on dungeon level 5 with 33031 points, and 227 pieces of gold, after 2971 moves. You were level 6 with a maximum of 59 hit points when you died.